cohdb
Replays
Latest Replays
All Replays
Popular Replays
Top Player Replays
Match Explorer
How It Works
Community
CoH3 Stats
Reddit
Sign in to upload your games and track your stats! →
Sign in with Steam
Match 44483514
Unlisted
Match 44483514
Overview
Messages
Build Orders
End
Construct Infanterie Kompanie
Grenadier Squad
Selects Breakthrough Battlegroup
Grenadier Squad
GrW 34 Mortar Team
MG 42 Machine Gun Team
Infanterie Officer Quarters
Selects Assault Grenadiers
Selects Breakthrough
Grenadier Squad
Construct Luftwaffe Kompanie
Selects Mechanized Assault Group
Mechanized Assault Group
Jäger Squad
Support Elements
Wirbelwind Flakpanzer
Medical Bunker
Selects Rapid Production
Construct Panzergrenadier Kompanie
Pak 40 Anti-tank Gun Team
MG 42 Bunker
Selects Blitzkrieg
Mechanized Assault Group
pagep
7k this year for sure
Steyrc
Boobnik
0
0
Comments
sign in to comment!
No comments posted yet!